 Dungeon Crawl Stone Soup version 0.14-a0-2644-gcc8e764 (webtiles) character file.

224 Psiweapon the Sneak (level 4, -14/30 HPs)
             Began as a Vampire Enchanter on Feb 16, 2014.
             Shot with a bolt by a kobold (15 damage)
             ... in a sewer on Feb 17, 2014.
             The game lasted 00:10:36 (2012 turns).

Psiweapon the Sneak (Vampire Enchanter)             Turns: 2012, Time: 00:10:38

HP -14/30        AC  5     Str  8      XL: 4   Next: 93%
MP   1/7         EV 12     Int 17      God:
Gold 91          SH  0     Dex 14      Spells:  3 memorised,  2 levels left

rFire  . . .     SeeInvis +     a - +1 dagger
rCold  . . .     Clarity  .     k - +0 elf leather armour
rNeg   . . .     Conserve .     (no shield)
rPois  .         rCorr    .     g - +1 helmet
rElec  .         rRot     .     (no cloak)
SustAb . .       Spirit   .     (no gloves)
rMut   .         Warding  .     (no boots)
Saprov . . .     Stasis   .     (no amulet)
MR     .....                    (no ring)
                                (no ring)

@: regenerating quickly, not resistant to hostile enchantments, quite stealthy
A: fangs 3, see invisible, unbreathing
a: no special abilities


You were in a sewer.
You were full.

You visited 1 branch of the dungeon, and saw 3 of its levels.
You also visited: Sewer.

You collected 91 gold pieces.

Inventory:

Hand weapons
 a - a +1,+1 dagger (weapon)
 q - a +0,+0 sling
Missiles
 d - 3 darts
 r - 25 stones
 t - 11 poisoned needles
 v - 2 tomahawks (quivered)
Armour
 b - a +1 robe
 g - a +1 helmet (worn)
 k - a +0 elven leather armour (worn)
Scrolls
 h - a scroll of identify {unknown}
 i - 2 scrolls of remove curse {unknown}
 m - a scroll of enchant armour {unknown}
 p - 3 scrolls of blinking {unknown}
 s - a scroll of teleportation {unknown}
 u - a scroll of immolation {unknown}
 w - a scroll of fear {unknown}
Potions
 e - a potion of blood
 f - a potion of curing
 j - a potion of heal wounds {unknown}
 l - a potion of paralysis {unknown}
 n - a potion of magic {unknown}
 o - a potion of cure mutation {unknown}
Books
 c - a book of Maledictions

   Spells                             Type                      Level
   *Corona                            Hexes                        1
   *Sure Blade                        Hexes/Charms                 2
   *Ensorcelled Hibernation           Hexes/Ice                    2
   Confuse                            Hexes                        3
   Enslavement                        Hexes                        4
   Invisibility                       Hexes                        6


   Skills:
 - Level 1.1 Short Blades
 - Level 1.0 Throwing
 + Level 3.9 Dodging
 + Level 5.8 Stealth
 - Level 2.0 Spellcasting
 - Level 5.0 Hexes


You had 2 spell levels left.
You knew the following spells:

 Your Spells              Type           Power        Failure   Level  Hunger
a - Corona                Hex            ###....      2%          1    #......
b - Ensorcelled Hibernat  Hex/Ice        ##....       12%         2    ###....
c - Sure Blade            Hex/Chrm       ##........   12%         2    ###....


Dungeon Overview and Level Annotations

Branches:
Dungeon (3/16)

Altars:

Annotations:
D:3 Terence


Innate Abilities, Weirdness & Mutations

Your natural rate of healing is unusually fast.
You have razor-sharp teeth.*
You have supernaturally acute eyesight.
You can survive without breathing.*


Message History

Aiming: Ensorcelled Hibernation
Press: ? - help, Shift-Dir - straight line, f/p - big kobold
Aim: a big kobold (softly glowing)
The big kobold looks drowsy...
The helpless big kobold fails to defend itself.
You impale the big kobold!!
The big kobold is severely wounded.
The kobold shoots a bolt.
The bolt misses you.
You hear a splash.
You hit the big kobold.
The big kobold is severely wounded.
The big kobold closely misses you.
The kobold shoots a bolt.
The bolt hits you!
* * * LOW HITPOINT WARNING * * *
You hit the big kobold.
The big kobold is almost dead.
The big kobold hits you!
* * * LOW HITPOINT WARNING * * *
The kobold shoots a bolt.
The bolt hits you!
Ouch! That really hurt!
You die...

##### ##### # ##≈..##
##≈≈.##
#....#####≈....#####≈≈...#
#.≈!..(K.K...≈≈≈≈≈≈....≈#
#.≈?..####@...≈#####..≈≈.#
##. ##..(## ##..≈## ##≈##
##≈## #≈# #≈# #≈# #≈# ###
##≈## ##≈## ##... ##≈.≈##
##..≈##
#≈....####.≈..≈#####...∩.##
#≈....%≈≈≈..≈.≈≈≈≈≈≈≈.∩.≈≈≈


You could see a big kobold and a kobold.

Vanquished Creatures
  2 green rats
  5 adders
  An inept feature mimic (D:2)
  A worm (Sewer)
  2 grey rats (D:3)
  2 oozes (Sewer)
  2 orcs (D:3)
  A ball python (D:3)
  2 giant cockroaches (D:1)
  3 hobgoblins
  3 kobolds
  2 quokkas (D:2)
  6 bats
  A giant newt (D:1)
  7 goblins
  3 jackals (D:1)
  5 rats
48 creatures vanquished.

Notes
Turn   | Place    | Note
--------------------------------------------------------------
     0 | D:1      | Psiweapon, the Vampire Enchanter, began the quest for the Orb.
     0 | D:1      | Reached XP level 1. HP: 13/13 MP: 3/3
    50 | D:1      | Reached skill level 1 in Throwing
   160 | D:1      | Reached XP level 2. HP: 14/19 MP: 0/4
   164 | D:1      | Learned a level 2 spell: Ensorcelled Hibernation
   380 | D:1      | Learned a level 2 spell: Sure Blade
   564 | D:1      | Reached skill level 5 in Hexes
  1021 | D:2      | Reached XP level 3. HP: 24/24 MP: 3/6
  1205 | D:2      | HP: 1/24 [poisoned by an adder]
  1409 | D:2      | Reached skill level 5 in Stealth
  1409 | D:2      | Reached XP level 4. HP: 30/30 MP: 7/7
  1500 | D:3      | Found a glowing drain.
  1668 | D:3      | Noticed Terence
  1680 | Sewer    | Entered a sewer
  1999 | Sewer    | Noticed a big kobold
  2012 | Sewer    | HP: 1/30 [big kobold (7)]
  2012 | Sewer    | Shot with a bolt by a kobold

Action                   |  1- 3 |  4- 6 || total
-------------------------+-------+-------++-------
Melee: Dagger            |    99 |    52 ||   151
 Fire: Sling             |       |     9 ||     9
Throw: Dart              |    19 |    12 ||    31
       Tomahawk          |       |     6 ||     6
       Stone             |       |     3 ||     3
 Cast: Corona            |     8 |     4 ||    12
       Ensorcelled Hiber |    10 |    19 ||    29
  Use: Potion            |       |     1 ||     1
 Stab: Sleeping          |    11 |    10 ||    21
       Distracted        |     1 |       ||     1
